 Dungeon Crawl Stone Soup version 0.29.0-4-gdea44cf6ec (webtiles) character file.

Game seed: 12833645419253729757

42 funkygono the Firebug (level 3, -1/20 HPs)
             Began as a Gargoyle Fire Elementalist on Aug 27, 2022.
             Slain by an orc priest
             ... wielding a +2 flail of holy wrath
              (6 damage)
             ... on level 2 of the Dungeon.
             The game lasted 00:02:12 (1315 turns).

funkygono the Firebug (Gargoyle Fire Elementalist)  Turns: 1315, Time: 00:02:12

Health: -1/20      AC:  7    Str: 11    XL:     3   Next: 56%
Magic:  3/6        EV: 11    Int: 17    God:
Gold:   27         SH:  0    Dex: 10    Spells: 3/6 levels left

rFire   . . .      SeeInvis .   e - +0 whip (flame)
rCold   . . .      Faith    .   (no shield)
rNeg    + . .      Spirit   .   i - +0 leather armour
rPois   ∞          Reflect  .   (no helmet)
rElec   +          Harm     .   (no cloak)
rCorr   .          Rampage  .   (no gloves)
Will    .....                   h - +0 pair of boots
Stlth   ++........              (no amulet)
HPRegen 0.06/turn               (no ring)
MPRegen 0.10/turn               (no ring)

@: no status effects
A: sickness immunity, AC +3, negative energy resistance 1, electricity
resistance, torment resistance 1, petrification resistance
a: no special abilities


You were on level 2 of the Dungeon.
You visited 1 branch of the dungeon, and saw 2 of its levels.

You collected 27 gold pieces.

Inventory:

Hand Weapons
 e - a +0 whip of flaming (weapon)
Armour
 a - a +0 robe
 h - a +0 pair of boots (worn)
 i - a +0 leather armour (worn)
Potions
 b - a potion of magic
 c - 2 potions of brilliance {unknown}
 d - a potion of attraction {unknown}
 j - 4 potions of curing


   Skills:
 + Level 0.6 Fighting
 + Level 0.4 Maces & Flails
 + Level 0.2 Armour
 + Level 1.7 Dodging
 + Level 2.4 Stealth
 + Level 2.3 Spellcasting
 + Level 1.5 Conjurations
 + Level 3.5 Fire Magic


You had 3 spell levels left.
You knew the following spells:

 Your Spells              Type           Power      Damage    Failure   Level
a - Foxfire               Conj/Fire      40%        2x1d6     9%          1
b - Scorch                Fire           28%        2d6       9%          2

Your spell library contained the following spells:

 Spells                   Type           Power      Damage    Failure   Level
 Conjure Flame            Conj/Fire      10%        6-21      26%         3
 Inner Flame              Hex/Fire       8%         N/A       34%         3
 Flame Wave               Conj/Fire      10%        2d6       65%         4
 Borgnjor's Revivificati  Necr           0%         N/A       100%        8
 Necromutation            Tmut/Necr      0%         N/A       100%        8
 Death's Door             Necr           0%         N/A       100%        9


Dungeon Overview and Level Annotations

Branches:
Dungeon (2/15)

Altars:


Innate Abilities, Weirdness & Mutations

You are immune to sickness and miasma.
Your stone body is resilient. (AC +3)
You are immune to poison.
You resist negative energy. (rN+)
You are resistant to electric shocks. (rElec)
You are resistant to unholy torment.
You are immune to petrification.


Message History

Casting: Foxfire (safe; 9% risk of failure)
Confirm with . or Enter, or press ? or * to list all spells.
You conjure some foxfire!
Unknown command.
You start resting.
Your foxfire dissipates! x2
You start resting.
Magic restored.
An orc and an orc wizard come into view.
An orc comes into view. It is wielding a +0 club.
The orc shouts!
The orc wizard shouts!
You hear a shout! x2
An orc comes into view. It is wielding a +0 dagger.
An orc priest comes into view. It is wielding a +0 short sword.
The orc priest shouts!
Casting: Foxfire (safe; 9% risk of failure)
Confirm with . or Enter, or press ? or * to list all spells.
You conjure some foxfire!
The orc shouts!
Casting: Foxfire (safe; 9% risk of failure)
Confirm with . or Enter, or press ? or * to list all spells.
You conjure some foxfire!
The foxfire hits the orc priest.
The orc priest is lightly wounded.
The foxfire hits the orc priest.
The orc priest is moderately wounded.
An orc wizard comes into view. It is wielding a +0 dagger.
The orc priest attacks as you move away!
The orc priest hits you with a +2 flail of holy wrath.
The foxfire hits the orc priest.
The orc priest is moderately wounded.
The foxfire hits the orc priest but does no damage.
The orc priest is moderately wounded.
The orc priest attacks as you move away!
The orc priest hits you with a +2 flail of holy wrath!
* * * LOW HITPOINT WARNING * * *
Casting: Foxfire (safe; 9% risk of failure)
Confirm with . or Enter, or press ? or * to list all spells.
You conjure some foxfire!
The orc wizard shouts!
The orc priest hits you with a +2 flail of holy wrath.
You die...

. .... ... .. ..# #.. ..
..# #.## #.# # .######
...##..# #.# .#.......
.......####.# ....#...#
#...#....#..## #........
#...†.##.....### #........
##....####.#...###..oooo..
.#...##....###.v@oo..#
........###....v##...o....
............#######.######
...)......### ...
...........# ####
...##......# <..######..#
†..# ..# ...# ##


You could see 2 orc priests, 2 orc wizards and 3 orcs.

Vanquished Creatures
  An adder (D:2)
  A worm (D:2)
  A dart slug (D:1)
  A ball python (D:2)
  3 endoplasms (D:1)
  3 giant cockroaches
  5 hobgoblins (D:1)
  2 bats (D:1)
  6 frilled lizards (D:1)
  3 goblins (D:1)
  A rat (D:1)
27 creatures vanquished.

Vanquished Creatures (others)
  55 foxfires
55 creatures vanquished.

Grand Total: 82 creatures vanquished

Notes
Turn   | Place    | Note
-------+----------+-------------------------------------------
     0 | D:1      | funkygono the Gargoyle Fire Elementalist began the quest
                  | for the Orb.
     0 | D:1      | Reached XP level 1. HP: 10/10 MP: 3/3
   118 | D:1      | Reached XP level 2. HP: 15/15 MP: 0/5
   458 | D:1      | Found a faded altar of an unknown god.
  1051 | D:1      | Reached XP level 3. HP: 20/20 MP: 4/6
  1054 | D:1      | Learned a level 2 spell: Scorch
  1315 | D:2      | Slain by an orc priest

Illustrated notes

Levels and vault maps discovered:
D:1:      scummos_arrival_gate, layout_loops_ring, basic_ecumenical_altar
D:2:      cheibrodos_pilgrimage, layout_rooms, basic_altar

Action                   || total
-------------------------++-------
Melee: Unarmed           ||     6
       Whip              ||    32
 Cast: Foxfire           ||    33
  Use: Scroll            ||     2
 Stab: Sleeping          ||     1
Armor: Robe              ||     7
       Skin              ||     2
       Leather armour    ||     3
Dodge: Dodged            ||    27
